Map: Pendiente de Agustín EE

Players

MrFercho - Winner!

  • Race: Zerg Zerg
  • League: Gold
  • Spawn Location: 12:00

tigro - Winner!

  • Race: Terran Terran
  • League: Bronze
  • Spawn Location: 11:00

TATORREA - Winner!

  • Race: Protoss Protoss
  • League: Gold
  • Spawn Location: 12:00

SpikeBoulder

  • Race: Terran Terran
  • League: Platinum
  • Spawn Location: 5:00

Nick

  • Race: Zerg Zerg
  • Spawn Location: 6:00

CROS

  • Race: Protoss Protoss
  • Spawn Location: 6:00

VOD

Have the link to the VOD?

Description

Time

  • Played on: Aug. 5, 2020, 9:42 p.m.
  • Length: 17:22
Show
View Real Time Build Order
Export as new Build Order

MrFercho Zerg - Winner!

Build Orders: Pool First 

Get SALT Encoding   

  12  0:19  Spawning Pool  
  12  0:21  Drone  
  12  0:25  Drone  
  13  0:35  Overlord  
  13  0:40  Drone  
  14  0:53  Drone  
  14  0:54  Drone  
  16  1:09  Zergling x2  
  17  1:16  Queen  
  19  1:19  Zergling x2  
  20  1:37  Hatchery  
  19  1:42  Drone  
  19  1:44  Drone  
  21  1:50  Drone  
  22  2:10  Extractor  
  22  2:11  Drone  
  22  2:13  Overlord  
  22  2:33  Drone  
  23  2:40  Drone  
  25  2:44  Drone x3  
  25  2:50  Queen  
  29  2:59  Drone x3  
  32  3:07  Baneling Nest  
  32  3:11  Drone x2  
  33  3:29  Overlord  
  33  3:30  Overlord, Metabolic Boost  
  33  3:34  Queen  
  33  3:38  Drone  
  36  3:41  Extractor  
  36  3:44  Extractor  
  36  3:46  Evolution Chamber  
  33  3:55  Drone x6  
  39  4:10  Zergling x2  
  39  4:11  Zergling x10  
  45  4:24  Queen  
  45  4:42  Zerg Melee Weapons Level 1  
  45  4:43  Drone x3  
  48  4:46  Zergling x8  
  51  4:55  Baneling  
  51  4:56  Baneling x4  
  51  4:59  Zergling x2  
  51  5:00  Zergling x2  
  50  5:32  Hatchery  
  49  5:37  Hatchery  
  49  5:42  Drone x2  
  50  5:44  Drone  
  50  5:45  Drone  
  50  5:46  Overlord x2  
  52  6:08  Drone x3  
  52  6:10  Drone  
  56  6:23  Drone  
  56  6:25  Lair  
  57  6:29  Zergling x14  
  64  6:46  Zerg Missile Weapons Level 1  
  64  6:48  Zergling x6  
  64  6:49  Zergling x4  
  64  6:53  Drone x4  
  73  6:56  Queen  
  75  7:15  Spore Crawler x2  
  73  7:16  Spore Crawler  
  73  7:19  Drone x8  
  73  7:20  Overlord  
  73  7:21  Overlord x3  
  73  7:22  Overlord x3  
  80  7:30  Spore Crawler  
  80  7:33  Drone  
  80  7:38  Queen  
  80  7:39  Extractor  
  80  7:40  Drone x3  
  80  7:42  Drone  
  80  7:43  Drone x2  
  87  7:49  Hydralisk Den  
  86  7:52  Overlord x4  
  86  8:01  Overlord, Spore Crawler  
  86  8:02  Spore Crawler  
  84  8:18  Extractor, Hydralisk x4  
  84  8:19  Hydralisk x12  
  115  8:20  Extractor  
  115  8:26  Muscular Augments  
  114  8:30  Drone  
  112  8:55  Hydralisk x5  
  103  8:56  Hydralisk x2  
  109  9:22  Centrifical Hooks  
  109  9:24  Zerg Missile Weapons Level 2  
  103  9:34  Evolution Chamber  
  103  9:37  Grooved Spines  
  102  9:38  Infestation Pit  
  101  10:13  Drone x5  
  106  10:15  Overlord x3  
  106  10:18  Drone x3  
  106  10:19  Drone x3  
  106  10:20  Hydralisk x11  
  134  10:44  Zerg Melee Weapons Level 2  
  134  10:48  Hive  
  134  10:54  Overseer  
  134  10:55  Overseer x2  
  134  11:05  Drone  
  134  11:10  Hydralisk x5  
  145  11:12  Hatchery  
  144  11:45  Overlord x2  
  102  12:31  Zergling x26  
  102  12:32  Zergling x52  
  141  12:42  Drone x4  
  145  12:54  Baneling  
  145  12:55  Baneling x21  
  145  12:56  Baneling x5  
  145  13:09  Zerg Missile Weapons Level 3  
  145  13:11  Zerg Melee Weapons Level 3  
  145  13:13  Adrenal Glands  
  145  13:20  Lurker Den  
  145  13:25  Spire  
  143  13:48  Drone x4  
  145  13:49  Drone x3  
  145  13:50  Drone x2  
  145  13:51  Drone x3  
  145  13:52  Drone x2  
  157  13:57  Extractor  
  157  13:58  Extractor, Queen  
  140  14:42  Hydralisk  
  140  14:43  Hydralisk x17  
  140  14:44  Hydralisk x15  
  179  14:53  Queen x3  
  179  14:54  Queen  
  158  15:23  Overlord  
  158  15:24  Overlord x2  
  158  15:32  Hatchery, Overseer x2  
  157  15:41  Seismic Spines  
  157  15:44  Lurker x3  
  157  15:45  Lurker x6  
  154  16:38  Hydralisk x6  
  154  16:39  Hydralisk x12  
  190  16:42  Overlord x5  
Show
View Real Time Build Order
Export as new Build Order

tigro Terran - Winner!

Build Orders:  

Get SALT Encoding   

  12  0:12  Supply Depot  
  12  0:14  SCV  
  13  0:26  SCV  
  14  0:38  SCV  
  14  0:39  Barracks  
  15  0:49  Refinery  
  15  0:50  SCV  
  16  1:02  SCV  
  17  1:14  Supply Depot, SCV  
  18  1:26  SCV  
  18  1:28  Marine  
  20  1:38  SCV  
  20  1:39  Refinery  
  21  1:46  Marine  
  22  1:51  SCV  
  23  2:03  Factory, SCV  
  23  2:04  Marine  
  25  2:15  SCV  
  26  2:21  Marine  
  27  2:24  Engineering Bay  
  27  2:32  Orbital Command  
  27  2:44  Barracks Tech Lab  
  27  2:48  Factory Tech Lab  
  27  3:04  Command Center  
  27  3:13  Siege Tank  
  30  3:24  Refinery  
  30  3:29  Stimpack  
  30  3:36  Marine  
  31  3:45  Siege Tank  
  34  3:54  Marine  
  35  4:12  Marine  
  35  4:15  Terran Infantry Weapons Level 1  
  36  4:17  Siege Tank, Refinery  
  39  4:30  Marine  
  39  4:48  Marine  
  36  5:05  Marine  
  37  5:08  Combat Shield  
  37  5:14  Planetary Fortress  
  37  5:23  Marine  
  38  5:41  Marine  
  39  5:46  SCV  
  40  5:51  SCV  
  41  5:59  Marine, SCV  
  41  6:03  SCV  
  44  6:07  Starport  
  44  6:09  Terran Infantry Armor Level 1  
  44  6:11  SCV  
  45  6:13  Widow Mine  
  45  6:15  SCV  
  45  6:17  Marine  
  49  6:23  SCV  
  50  6:27  SCV  
  51  6:34  Marine, Widow Mine  
  51  6:35  SCV  
  51  6:39  SCV  
  56  6:51  SCV  
  58  6:54  SCV  
  58  6:56  Widow Mine  
  60  7:03  SCV  
  60  7:06  SCV  
  62  7:16  Supply Depot  
  62  7:37  Medivac, SCV  
  62  7:38  Supply Depot, Widow Mine  
  67  7:50  SCV  
  68  7:59  Widow Mine  
  68  8:02  SCV  
  68  8:03  Neosteel Armor  
  71  8:14  Missile Turret  
  71  8:36  Missile Turret  
  71  8:42  Armory  
  60  8:58  Missile Turret  
  60  8:59  Marine  
  58  9:17  Marine  
  58  9:19  Missile Turret  
  57  9:35  Marine  
  58  9:43  Hi-Sec Auto Tracking  
  58  9:45  Barracks  
  58  9:46  Starport Tech Lab  
  58  9:49  Fusion Core  
  58  9:51  Thor, Missile Turret  
  64  9:53  Marine  
  65  10:09  SCV  
  65  10:10  Marine  
  65  10:11  Missile Turret  
  67  10:15  Terran Vehicle Weapons Level 1  
  67  10:22  SCV  
  67  10:24  Medivac  
  70  10:28  Marine  
  70  10:32  Drilling Claws  
  70  10:34  Thor, SCV  
  78  10:37  Weapon Refit, Missile Turret  
  78  10:40  Terran Infantry Weapons Level 2  
  78  10:46  Marine, SCV  
  80  10:53  Barracks Reactor  
  80  10:58  SCV  
  80  11:04  Marine  
  81  11:11  Battlecruiser  
  88  11:17  Thor  
  94  11:36  Supply Depot  
  94  11:57  Marine  
  94  11:58  Supply Depot  
  94  11:59  Thor  
  99  12:04  Marine x2  
  90  12:10  Terran Vehicle And Ship Armor Level 1  
  90  12:15  Medivac, Marine  
  83  12:17  Rapid Reignition System  
  83  12:22  Marine x2  
  85  12:33  Marine  
  82  12:39  Marine  
  82  12:40  Marine  
  82  12:42  Thor  
  84  12:45  Battlecruiser  
  84  12:50  Marine  
  90  12:56  Terran Infantry Armor Level 2  
  90  12:57  Marine  
  90  12:58  Marine  
  91  13:08  Marine  
  92  13:15  Marine x2  
  94  13:26  Marine  
  95  13:33  Marine x2  
  97  13:34  Thor  
  103  13:44  Marine  
  104  13:49  Battlecruiser  
  110  13:56  Command Center  
  110  13:58  Supply Depot  
  110  14:02  Marine x3  
  113  14:04  Terran Ship Weapons Level 1  
  113  14:17  Thor  
  113  14:20  Marine x3  
  122  14:34  Refinery  
  122  14:54  Battlecruiser  
  122  15:10  Refinery  
  115  15:16  Marine x3  
  74  15:34  Marine x3  
  74  15:50  SCV  
  74  15:52  Marine x3  
  78  15:58  Supply Depot, Battlecruiser  
  78  16:02  SCV  
  85  16:09  Marine  
  85  16:10  Marine x2  
  88  16:14  SCV  
  83  16:18  Thor  
  83  16:21  Supply Depot  
  89  16:27  Marine x3, SCV  
  93  16:39  SCV  
  94  16:45  Marine x3  
  97  17:03  Marine x3  
Show
View Real Time Build Order
Export as new Build Order

TATORREA Protoss - Winner!

Build Orders: Zealot Archon 

Get SALT Encoding   

  12  0:03  Probe  
  13  0:16  Probe  
  14  0:28  Pylon, Probe  
  15  0:46  Probe  
  16  0:57  Gateway  
  16  0:58  Gateway  
  16  0:59  Probe  
  17  1:14  Pylon  
  17  1:20  Probe  
  18  1:25  Assimilator  
  18  1:32  Probe  
  19  1:44  Probe  
  20  1:56  Probe  
  21  2:08  Probe  
  21  2:09  Cybernetics Core  
  22  2:20  Assimilator  
  22  2:21  Probe  
  23  2:23  Gateway  
  23  2:26  Pylon  
  23  2:38  Nexus  
  23  2:41  Probe  
  24  2:45  Warp Gate  
  24  3:04  Twilight Council  
  24  3:09  Probe (Chrono Boost)  
  25  3:17  Stalker  
  25  3:18  Stalker  
  25  3:19  Probe (Chrono Boost)  
  30  3:24  Probe (Chrono Boost)  
  31  3:35  Probe  
  32  3:47  Probe  
  33  3:51  Probe  
  33  3:55  Pylon  
  34  3:58  Pylon  
  34  3:59  Probe  
  34  4:00  Templar Archives  
  35  4:03  Probe  
  36  4:11  Probe  
  37  4:17  Assimilator  
  37  4:20  Assimilator  
  37  4:21  Probe  
  37  4:23  Probe  
  39  4:33  Probe  
  39  4:36  Probe  
  39  4:37  Stalker x3  
  45  5:03  Stalker x2  
  45  5:04  Stalker  
  47  5:23  Probe x2  
  49  5:32  Blink (Chrono Boost)  
  49  5:36  Probe x2  
  51  5:44  Forge  
  51  5:45  Forge  
  51  5:47  Forge  
  51  5:51  Pylon  
  51  5:55  Pylon  
  51  6:01  Pylon  
  51  6:04  High Templar x2  
  53  6:05  High Templar  
  53  6:07  Pylon  
  53  6:09  Archon  
  53  6:11  Pylon  
  57  6:13  Gateway  
  57  6:15  Gateway  
  57  6:17  Gateway  
  57  6:20  Gateway  
  57  6:21  Probe x2  
  59  6:33  Probe x2  
  61  6:42  High Templar x2  
  61  6:43  High Templar  
  61  6:46  Nexus  
  67  6:47  Pylon, Archon  
  67  6:48  Archon  
  67  6:50  Pylon  
  67  6:58  Probe  
  67  6:59  Probe  
  69  7:09  Protoss Ground Weapons Level 1 (Chrono Boost)  
  69  7:10  Protoss Shields Level 1 (Chrono Boost)  
  69  7:11  Probe x2  
  69  7:13  Protoss Ground Armor Level 1 (Chrono Boost)  
  71  7:23  Probe x2  
  71  7:29  Assimilator  
  73  7:32  Stalker, Assimilator  
  73  7:33  Stalker x2  
  73  7:35  Probe  
  79  7:48  Probe x2  
  81  7:59  Probe  
  81  8:00  Probe x2  
  84  8:05  Stalker  
  84  8:06  Stalker x2  
  84  8:09  Stalker x3  
  84  8:10  Stalker  
  84  8:11  Probe  
  99  8:15  Probe x2  
  101  8:23  Probe  
  102  8:27  Probe x2  
  102  8:32  Stalker x2  
  102  8:33  Stalker  
  110  8:35  Stalker x2, Probe  
  110  8:39  Stalker x2  
  72  9:08  Zealot x2  
  72  9:09  Zealot x4  
  74  9:10  Zealot  
  74  9:11  Charge  
  70  9:41  Probe (Chrono Boost)  
  73  9:45  Probe x2 (Chrono Boost)  
  73  9:52  Probe (Chrono Boost)  
  74  9:55  Probe x2 (Chrono Boost)  
  77  10:00  Protoss Shields Level 2, Protoss Ground Armor Level 2, Probe (Chrono Boost), Protoss Ground Weapons Level 2  
  77  10:02  Probe x2 (Chrono Boost)  
  77  10:04  Probe (Chrono Boost)  
  77  10:05  High Templar x3  
  77  10:06  Zealot  
  88  10:07  Zealot x3  
  88  10:08  Probe  
  88  10:09  Probe  
  88  10:13  Probe  
  96  10:20  Gateway, Probe  
  98  10:21  Probe  
  98  10:25  Probe  
  100  10:32  Probe  
  100  10:33  Probe  
  102  10:37  Probe  
  102  10:41  Nexus  
  102  10:42  Pylon  
  103  10:44  Probe  
  103  10:45  Probe  
  103  10:46  Pylon  
  106  10:50  Probe  
  106  11:02  Probe x3  
  109  11:07  Psionic Storm  
  109  11:11  High Templar x3  
  111  11:12  High Templar x2  
  111  11:14  Probe x3, Archon  
  111  11:15  Archon x3  
  122  11:19  Zealot x3  
  128  11:26  Probe x2  
  128  11:27  Probe  
  131  11:43  Assimilator  
  131  11:48  Assimilator  
  131  12:00  Stalker x4  
  131  12:01  Stalker x2  
  143  12:03  Stalker  
  143  12:04  Stalker  
  145  12:30  Zealot  
  145  12:31  Zealot x4  
  149  12:57  Nexus  
  144  13:00  Pylon  
  144  13:02  Pylon  
  144  13:04  Assimilator  
  144  13:41  High Templar  
  144  13:42  High Templar x4  
  144  13:43  Protoss Ground Weapons Level 3 (Chrono Boost), Protoss Shields Level 3 (Chrono Boost), Protoss Ground Armor Level 3 (Chrono Boost), High Templar  
  144  13:46  Archon x3  
  156  13:48  Nexus  
  156  13:53  Pylon  
  156  14:00  Pylon  
  156  14:04  Pylon  
  156  14:07  Pylon  
  156  14:09  Pylon x2  
  156  14:15  Pylon  
  156  14:18  Pylon x2  
  156  14:20  Pylon, Probe x2  
  156  14:21  Probe x2  
  156  14:24  Pylon  
  160  14:26  High Templar x4  
  160  14:27  High Templar x3  
  160  14:30  Archon x2  
  160  14:31  Archon  
  174  14:32  Probe  
  174  14:33  Probe x3  
  178  14:42  Robotics Facility  
  178  14:44  Robotics Facility  
  178  14:50  Robotics Facility  
  178  15:01  Gateway  
  178  15:09  Gateway, High Templar  
  178  15:10  High Templar x3  
  178  15:11  Gateway  
  178  15:13  Archon  
  178  15:14  Gateway, Archon  
  186  15:16  Gateway, Zealot x3  
  186  15:17  Zealot  
  186  15:19  Gateway  
  194  15:27  Gateway  
  194  15:30  Gateway  
  194  15:33  Gateway  
  194  15:37  Gateway  
  194  15:40  Gateway  
  194  15:42  Gateway  
  194  15:43  Probe x3  
  194  15:44  Gateway, Probe x2  
  194  15:47  Gateway  
  194  15:49  Gateway  
  199  15:50  Gateway  
  199  15:54  Gateway  
  199  15:55  Probe x3  
  196  16:03  Gateway  
  184  16:08  Gateway x2  
  176  16:12  Assimilator  
  176  16:13  Assimilator  
  168  16:24  Cybernetics Core  
  158  16:39  Zealot  
  160  16:40  Zealot x5  
  160  16:41  Zealot x2  
  160  16:42  Zealot x4  
  160  16:43  Zealot x3  
  160  16:44  Zealot x4  
Show
View Real Time Build Order
Export as new Build Order

SpikeBoulder Terran 

Build Orders:  

Get SALT Encoding   

  12  0:00  SCV  
  13  0:15  Supply Depot  
  13  0:17  SCV  
  14  0:29  SCV  
  14  0:32  Refinery  
  15  0:40  Barracks  
  15  0:46  SCV  
  16  0:58  SCV  
  17  1:09  Barracks  
  17  1:10  SCV  
  18  1:21  Supply Depot  
  18  1:22  SCV  
  19  1:29  Barracks Reactor  
  19  1:34  SCV  
  20  1:46  SCV  
  21  1:58  Barracks, Marine  
  22  2:06  Marine x2  
  24  2:12  SCV  
  25  2:16  Supply Depot, Marine  
  26  2:25  Supply Depot  
  26  2:26  Marine x2  
  28  2:31  SCV  
  29  2:37  Marine  
  29  2:39  Engineering Bay  
  30  2:51  Supply Depot, Marine x2  
  31  2:55  Marine  
  31  2:57  Marine  
  34  3:07  Engineering Bay  
  34  3:12  Terran Infantry Weapons Level 1  
  34  3:14  Marine  
  34  3:17  Marine  
  36  3:20  Marine  
  36  3:23  Marine  
  38  3:35  Terran Infantry Armor Level 1, Marine  
  38  3:37  Marine  
  40  3:44  Supply Depot  
  40  3:45  Marine  
  40  3:47  Marine  
  42  3:59  Marine x2  
  44  4:04  Marine  
  44  4:08  Marine  
  46  4:12  Supply Depot  
  46  4:23  Marine x3  
  49  4:26  Marine  
  50  4:41  Marine  
  50  4:43  Marine x2  
  50  4:44  Marine  
  50  4:45  SCV  
  53  4:58  Marine  
  52  5:00  Marine  
  52  5:01  Marine x2  
  41  5:16  Marine  
  41  5:18  Marine x2  
  41  5:19  Marine  
  40  5:34  Marine  
  41  5:36  Marine  
  41  5:37  Marine x2  
  44  5:44  Command Center  
  44  5:49  Refinery  
  44  5:56  Marine x4  
  48  5:58  Factory  
  48  6:13  SCV  
  48  6:14  Marine  
  50  6:19  Marine x3  
  54  6:25  SCV  
  54  6:38  Marine x4  
  58  6:45  SCV  
  58  6:46  Armory  
  59  6:53  Supply Depot  
  59  6:56  Marine x2  
  59  7:00  SCV  
  62  7:03  SCV  
  64  7:14  Barracks Tech Lab  
  64  7:16  Marine x2  
  64  7:18  Barracks Reactor  
  65  7:23  SCV x2  
  67  7:34  Marine x2  
  69  7:37  SCV  
  69  7:39  SCV  
  69  7:41  Combat Shield  
  69  7:42  Marine  
  72  7:46  Supply Depot  
  72  7:50  Terran Infantry Armor Level 2  
  72  7:57  Orbital Command  
  72  8:03  Marine  
  72  8:04  Marine x2  
  72  8:05  Marine  
  75  8:07  Marine  
  75  8:10  SCV  
  78  8:21  Marine x2  
  78  8:22  SCV  
  81  8:30  Marine x2  
  81  8:31  Marine  
  84  8:34  SCV  
  62  9:07  Marine x2  
  62  9:09  Marine  
  64  9:10  Marine x2  
  62  9:25  Marine x2  
  62  9:27  Marine  
  62  9:28  Marine x2  
  46  9:41  Terran Infantry Weapons Level 2  
  46  9:42  Barracks  
  46  9:43  Marine x2  
  48  9:57  Command Center  
  48  10:00  Marine x2  
  48  10:01  Marine  
  48  10:02  Barracks, Marine  
  48  10:03  Marine  
  48  10:04  Refinery  
  53  10:12  SCV  
  54  10:27  Marine x3  
  54  10:28  Marine x2  
  58  10:30  Marine  
  60  10:40  SCV x2  
  62  10:45  Marine x3  
  65  10:52  Marine x2, SCV  
  65  10:53  Marine  
  65  10:54  Marine  
  70  11:03  Marine  
  71  11:05  Supply Depot  
  71  11:08  SCV x2  
  71  11:09  Marine  
  71  11:10  Marine x2  
  71  11:11  Marine x2  
  77  11:16  SCV  
  79  11:20  SCV x2  
  79  11:21  Marine  
  79  11:22  Marine  
  83  11:29  Marine x3  
  83  11:30  Marine x2  
  88  11:39  Marine  
  89  11:40  Marine  
  89  11:47  Command Center, Marine x3  
  90  11:49  Marine  
  90  11:50  Supply Depot  
  90  11:51  SCV x3  
  90  11:52  Marine  
  98  11:57  Marine  
  98  12:08  Marine x2  
  98  12:09  Marine x3  
  98  12:10  Marine  
  98  12:15  Marine  
  100  12:26  Marine x3  
  100  12:27  Marine x2  
  100  12:28  Marine  
  80  12:33  Marine  
  72  12:44  Marine x4  
  72  12:45  Marine  
  72  12:46  Marine  
  72  12:51  Marine  
  69  13:01  SCV  
  69  13:02  Marine x5, SCV x2  
  69  13:04  Marine  
  78  13:08  Barracks, Marine  
  78  13:11  Barracks, Terran Infantry Armor Level 3  
  78  13:12  Barracks, Terran Infantry Weapons Level 3  
  79  13:13  SCV  
  80  13:20  Marine x4  
  80  13:21  SCV x2  
  86  13:29  SCV  
  86  13:32  SCV  
  88  13:41  SCV  
  89  13:52  Marine x6  
  89  13:53  Marine  
  89  13:54  Marine  
  97  13:58  Barracks Reactor  
  97  13:59  Marine  
  98  14:09  Marine  
  98  14:10  Marine x6  
  98  14:11  Supply Depot  
  98  14:12  Marine  
  106  14:17  Marine  
  107  14:27  Marine x2  
  82  14:32  Marine x2  
  82  14:33  Marine  
  82  14:34  Marine x3  
  82  14:37  Marine x3  
  72  14:45  Marine x2  
  71  14:49  Marine x2  
  71  14:51  Marine x3  
  71  14:52  Marine  
  72  15:03  Marine x4  
  72  15:04  Marine  
  75  15:07  Marine x2  
  75  15:09  Marine  
  75  15:11  Marine x3  
  78  15:21  Marine x5  
  75  15:25  Marine x2  
  75  15:27  Marine  
  79  15:28  Marine  
  79  15:29  Marine x2  
  82  15:38  Marine  
  82  15:39  Marine x4  
  87  15:43  Marine x2  
  87  15:45  Marine  
  87  15:46  Marine x2  
  87  15:47  Marine  
  93  15:56  Marine x2  
  93  15:57  Marine x3  
  95  16:01  Marine x2  
  95  16:02  Marine  
  101  16:04  Marine x3  
  103  16:14  Marine x3  
  103  16:15  Marine x2  
  80  16:18  Marine  
  80  16:19  Marine  
  80  16:20  Marine  
  80  16:22  Marine x3  
  81  16:30  Command Center  
  81  16:32  Marine x4  
  81  16:33  Marine  
  81  16:36  Marine x2  
  81  16:38  Marine  
  86  16:40  Marine x3  
  89  16:50  Marine x5  
  84  16:54  Marine x2  
  84  16:56  Marine  
  84  16:58  Marine x3  
Show
View Real Time Build Order
Export as new Build Order

Nick Zerg 

Build Orders: Hatch First, Brood Lord Corruptor 

Get SALT Encoding   

  12  0:01  Drone  
  13  0:14  Drone  
  14  0:37  Hatchery  
  13  0:51  Spawning Pool  
  13  0:56  Drone  
  13  0:58  Drone  
  14  1:07  Extractor  
  14  1:09  Overlord  
  13  1:23  Drone  
  14  1:28  Drone  
  15  1:35  Drone  
  15  1:38  Queen  
  18  1:41  Drone  
  18  1:46  Extractor  
  18  1:51  Queen  
  20  1:55  Drone  
  21  2:04  Drone  
  21  2:05  Drone  
  23  2:12  Overlord  
  23  2:22  Metabolic Boost  
  23  2:37  Zergling x4  
  23  2:42  Drone  
  23  2:43  Drone x2  
  28  2:52  Drone  
  28  2:55  Drone x3  
  32  3:04  Zergling x2  
  33  3:10  Lair  
  33  3:22  Overlord  
  33  3:27  Zergling x4  
  35  3:35  Extractor  
  35  3:36  Overlord  
  34  3:41  Drone  
  34  3:42  Drone x2  
  37  3:52  Zergling x10  
  37  3:53  Zergling x2  
  43  4:12  Spire  
  42  4:19  Infestation Pit  
  30  5:10  Drone x3  
  30  5:11  Drone x2  
  35  5:19  Overlord x2  
  35  5:22  Drone x3  
  35  5:26  Extractor  
  37  5:34  Zerg Flyer Weapons Level 1  
  37  5:36  Overlord x2  
  37  5:41  Mutalisk x3  
  43  5:56  Drone x2  
  43  5:57  Drone  
  46  5:59  Overlord  
  46  6:02  Hatchery, Mutalisk x2  
  49  6:15  Mutalisk x3  
  49  6:16  Mutalisk  
  57  6:21  Drone x2  
  59  6:34  Drone x3  
  59  6:35  Drone x2  
  64  6:44  Extractor  
  64  6:45  Extractor  
  62  6:49  Hive  
  62  6:53  Mutalisk x2  
  66  7:06  Overlord x2  
  66  7:07  Overlord  
  66  7:16  Drone  
  66  7:17  Drone x2  
  66  7:19  Queen  
  66  7:21  Drone  
  72  8:06  Mutalisk  
  72  8:07  Mutalisk x2  
  78  8:16  Greater Spire  
  78  8:18  Corruptor x3  
  84  8:26  Corruptor  
  86  8:30  Corruptor x2  
  86  8:31  Corruptor x2  
  66  9:31  Brood Lord  
  66  9:32  Brood Lord x5  
  78  9:50  Drone x3  
  81  9:56  Overlord x3  
  81  9:57  Overlord  
  81  10:05  Brood Lord x2  
  85  10:14  Zerg Flyer Armor Level 1  
  85  10:16  Mutalisk x2  
  89  10:29  Mutalisk  
  89  10:30  Mutalisk x2  
  95  11:19  Mutalisk  
  95  11:20  Mutalisk x2  
  95  11:21  Corruptor x4  
  109  11:31  Overlord x5  
  85  12:25  Corruptor  
  85  12:26  Corruptor x5  
  89  12:34  Zerg Flyer Armor Level 2  
  89  12:37  Corruptor x3  
  95  13:18  Brood Lord  
  95  13:19  Brood Lord x5  
  107  13:29  Zergling x2, Hatchery  
  107  13:30  Zergling x10  
  107  13:31  Zergling x6  
  115  13:44  Zergling x10  
  115  13:45  Zergling x6  
  123  13:51  Zergling x10  
  123  13:52  Zergling x8  
  132  14:01  Brood Lord x4  
  132  14:02  Brood Lord x2  
  144  14:03  Brood Lord  
  96  15:23  Mutalisk  
  96  15:24  Mutalisk x4  
  106  15:49  Corruptor x4  
  108  15:50  Corruptor  
  72  16:27  Corruptor x4  
  72  16:28  Corruptor  
  72  16:30  Brood Lord x2  
  72  16:31  Brood Lord x3  
Show
View Real Time Build Order
Export as new Build Order

CROS Protoss 

Build Orders:  

Get SALT Encoding   

  12  0:02  Probe  
  13  0:17  Pylon  
  13  0:27  Probe  
  14  0:39  Probe  
  15  0:45  Gateway  
  15  0:51  Probe  
  16  1:05  Pylon  
  16  1:24  Probe  
  17  1:32  Gateway  
  17  1:36  Probe (Chrono Boost)  
  17  1:37  Cybernetics Core  
  18  1:42  Assimilator  
  18  1:47  Assimilator  
  18  1:49  Probe (Chrono Boost)  
  19  2:16  Warp Gate (Chrono Boost)  
  19  2:22  Zealot (Chrono Boost)  
  23  2:30  Zealot (Chrono Boost)  
  23  2:40  Nexus  
  23  2:53  Probe  
  23  2:58  Stalker x2  
  28  3:05  Probe  
  29  3:17  Probe  
  29  3:19  Gateway  
  30  3:29  Probe  
  30  3:31  Gateway  
  31  4:02  Stalker  
  33  4:03  Stalker  
  31  4:39  Stalker x2  
  31  4:40  Stalker  
  37  4:47  Pylon  
  37  4:53  Pylon  
  37  4:59  Robotics Facility  
  37  5:18  Probe (Chrono Boost)  
  39  5:29  Stalker x3, Probe (Chrono Boost)  
  39  5:30  Stalker  
  39  5:34  Probe (Chrono Boost)  
  48  5:38  Forge  
  48  5:45  Probe  
  49  5:51  Assimilator  
  49  5:56  Assimilator  
  49  5:57  Probe  
  49  5:59  Warp Prism  
  52  6:19  Stalker  
  54  6:31  Pylon  
  54  6:32  Pylon  
  54  6:35  Pylon  
  54  6:36  Pylon  
  54  6:45  Pylon  
  54  6:47  Pylon  
  54  7:05  Stalker x4  
  52  7:46  Warp Prism  
  52  7:49  Stalker x4  
  62  7:58  Protoss Ground Armor Level 1  
  46  8:54  Nexus  
  30  9:35  Robotics Facility  
  30  9:38  Robotics Facility  
  30  9:41  Stalker x2  
  30  9:42  Stalker x2  
  38  10:01  Probe  
  38  10:07  Protoss Ground Weapons Level 1  
  39  10:13  Probe  
  40  10:25  Probe  
  40  10:26  Immortal x3  
  53  10:38  Probe  
  54  10:50  Probe  
  55  11:02  Probe  
  56  11:05  Immortal x2  
  64  11:12  Probe  
  64  11:14  Probe  
  66  11:19  Stalker  
  66  11:20  Stalker x3  
  66  11:24  Probe  
  75  11:26  Probe  
  76  11:37  Probe  
  76  11:38  Probe  
  78  11:49  Probe  
  79  12:01  Probe  
  48  13:05  Immortal  
  48  13:06  Immortal x2  
  48  13:12  Stalker x3  
  60  13:13  Stalker  
  64  13:24  Gateway  
  64  13:25  Gateway x2  
  64  13:28  Gateway  
  64  13:43  Probe  
  64  13:44  Immortal  
  64  13:45  Immortal x2  
  77  13:55  Probe  
  78  14:02  Stargate  
  78  14:07  Probe, Stargate  
  79  14:19  Probe  
  79  14:23  Immortal  
  84  14:24  Immortal  
  84  14:25  Immortal  
  92  14:31  Probe  
  83  15:50  Stalker x2  
  83  15:51  Stalker x3  
  83  15:52  Stalker x3  
  49  16:39  Assimilator  
  47  16:53  Nexus  
  47  16:56  Stalker x2  
  47  16:57  Stalker x4  
  47  16:58  Stalker x2  
Tags
 
Add a new tag
Caveats
  • Supply blocks, unpowered buildings, or Contaminate may cause inaccurate times.
  • Supply counts are checked every 10 seconds.